 Dungeon Sprint DCSS version 0.17-a0-1719-g1afd5a1 (webtiles) character file.

8700000 ztt the Plane Walker (level 27, -118/249 HPs)
             Began as a Formicid Warper on Aug 28, 2015.
             Was the Champion of Makhleb.
             Killed from afar by a wretched soul (145 damage)
             ... with a bolt of negative energy
             ... in the Dungeon (Sprint VIII: "Arena of Blood").
             The game lasted 00:02:44 (87 turns).

ztt the Plane Walker (Formicid Warper)                Turns: 87, Time: 00:02:44

Health: -118/249   AC:  6    Str: 18    XL:     27
Magic:  23/54      EV: 33    Int: 15    God:    Makhleb [******]
Gold:   0          SH:  0    Dex: 19    Spells: 1 memorised, 79 levels left

rFire  + . .     SeeInvis +     l - +∞ Axe of Woe
rCold  . . .     Clarity  .     b - +0 leather armour
rNeg   . . .     SustAt   .     (no shield)
rPois  .         Gourm    .     (helmet unavailable)
rElec  .         Spirit   .     (no cloak)
rCorr  .         Warding  .     (no gloves)
rMut   .         Stasis   +     (no boots)
MR     ++...                    (no amulet)
Stlth  +++++++++.               (no ring)
                                n - ring of protection from fire

@: drained, very resistant to hostile enchantments, incredibly stealthy
A: permanent stasis, dig shafts and tunnels, four strong arms, antennae 3
a: Dig, Minor Destruction, Lesser Servant of Makhleb, Major Destruction, Greater
Servant of Makhleb, Renounce Religion


You were in the Dungeon.
You worshipped Makhleb.
Makhleb was exalted by your worship.
You were not hungry.

You visited 1 branch

Inventory:

Hand weapons
 a - a +0 hand axe
 l - the +∞ Axe of Woe (weapon)
   (You found it in the Dungeon)
Missiles
 e - 5 tomahawks of dispersal (quivered)
Armour
 b - a +0 leather armour (worn)
Jewellery
 m - an uncursed ring of see invisible
 n - a ring of protection from fire (left hand)
Scrolls
 d - 2 scrolls of blinking
Potions
 g - a potion of curing
 h - a potion of heal wounds
 i - a potion of haste
 j - 2 potions of magic
 k - a potion of berserk rage
Books
 c - a book of Spatial Translocations

   Spells                             Type                      Level
   a - Apportation                    Translocation                1
   b - Blink                          Translocation                2
   c - Shroud of Golubria             Charms/Translocation         2
   d - Portal Projectile              Translocation                3
   e - Teleport Other                 Translocation                3
   f - Passage of Golubria            Translocation                4
Comestibles
 f - a bread ration


   Skills:
 O Level 27(25.5) Fighting
 O Level 27(25.5) Axes
 O Level 27(25.5) Throwing
 O Level 27(25.5) Armour
 O Level 27(25.5) Dodging
 O Level 27(25.5) Stealth
 O Level 27(25.5) Unarmed Combat
 O Level 27(25.5) Spellcasting
 O Level 27(25.5) Translocations
 O Level 27(25.5) Invocations


You had 79 spell levels left.
You knew the following spells:

 Your Spells              Type           Power        Failure   Level  Hunger
a - Apportation           Tloc           #######...   0%          1    None


Dungeon Overview and Level Annotations

Branches:
Dungeon (1/1)

Altars:
Makhleb


Innate Abilities, Weirdness & Mutations

You are under a permanent stasis effect.
You can dig through walls and to a lower floor.
Your four strong arms can wield two-handed weapons with a shield.
You have a pair of large antennae on your head (SInv).


Message History

The bag of meat convulses! x2
You hear a shout! x2
You hear a shout!
The meat beast appears out of thin air!
A meat beast comes into view.
You hear a shout! x2
The corpses begin to drag themselves along the ground!
The accursed is engulfed in roaring flames.
You hear a shout! x3
The dread is engulfed in roaring flames.
The dread calls on the powers of darkness!
Your body is wracked with pain!
* * * LOW HITPOINT WARNING * * *
The bag of meat convulses! x2
You hear a shout! x2
The wretched soul is engulfed in roaring flames.
The wretched soul breathes negative energy at you.
The bolt of negative energy hits you!
You feel drained.
Ouch! That really hurt!
You die...

#..... ###..........
#.....##..L.#.......
#....#....X...#.....
#....#.oX...........
#....x§§L.X......###
#2..%)))§..........#
#...Wx§xX.X........#
#%..xx)WM.#.......X.
#..@xxX.x#)#.#..X...
#....)WoX.#)#....x).
#.z###.x.#X#.#§..o).
#.. ##o..#)#.X..X#{
#.. #...........).
#.. ...##....{..##.
### ...o%##.........
### ....####...
##... .....


You could see an accursed, a tentacled monstrosity, a meat beast (wandering), 2
tyrants, a sculptor of flesh, 7 large abominations, 2 wretched souls, a dread, a
small abomination and 3 bags of meat.

Vanquished Creatures
  3 hell beasts (D)
  A greater mummy (D)
  A wraith (D)
  12 vampire knights (D)
  24 ogres (D)
  3 liches (D)
  A hydra (D)
  63 orcs (D)
  A phantom (D)
  7 hill giants (D)
  3 skeletal warriors (D)
  3 large abominations (D)
  5 small abominations (D)
  3 crawling corpses (D)
130 creatures vanquished.

Vanquished Creatures (others)
  A small abomination (D)
  2 crawling corpses (D)
3 creatures vanquished.

Grand Total: 133 creatures vanquished

Notes
Turn   | Place    | Note
--------------------------------------------------------------
     0 | D        | ztt the Formicid Warper began the quest for the Orb.
     0 | D        | Reached XP level 1. HP: 16/16 MP: 3/3
     3 | D        | Noticed a bag of meat
     4 | D        | Became a worshipper of Makhleb the Destroyer
     5 | D        | Noticed a bag of meat
     5 | D        | Noticed a bag of meat
     5 | D        | Noticed a meat berserker
     6 | D        | Noticed a bag of meat
     7 | D        | Noticed a meat berserker
     8 | D        | Noticed a bag of meat
     8 | D        | Killed a bag of meat
     8 | D        | Reached skill level 11 in Fighting
     8 | D        | Reached skill level 10 in Axes
     8 | D        | Reached skill level 12 in Spellcasting
     8 | D        | Reached skill level 17 in Translocations
     8 | D        | Reached XP level 2. HP: 19/37 MP: 3/15
     8 | D        | Reached XP level 3. HP: 22/43 MP: 3/16
     8 | D        | Reached XP level 4. HP: 25/50 MP: 3/18
     8 | D        | Reached XP level 5. HP: 28/56 MP: 3/19
     8 | D        | Reached XP level 6. HP: 31/62 MP: 3/21
     8 | D        | Reached XP level 7. HP: 34/68 MP: 3/22
     8 | D        | Reached XP level 8. HP: 37/75 MP: 3/24
     8 | D        | Reached XP level 9. HP: 39/81 MP: 3/25
     8 | D        | Reached XP level 10. HP: 42/88 MP: 3/26
     8 | D        | Reached XP level 11. HP: 44/93 MP: 3/27
     8 | D        | Reached XP level 12. HP: 47/100 MP: 3/28
     9 | D        | Noticed a bag of meat
     9 | D        | Noticed a bag of meat
     9 | D        | Noticed a bag of meat
     9 | D        | Noticed a bag of meat
     9 | D        | Noticed a meat berserker
     9 | D        | Killed a meat berserker
     9 | D        | Acquired Makhleb's first power
     9 | D        | Reached skill level 5 in Armour
     9 | D        | Reached skill level 15 in Spellcasting
     9 | D        | Reached skill level 21 in Translocations
     9 | D        | Reached XP level 13. HP: 87/113 MP: 3/32
     9 | D        | Reached XP level 14. HP: 92/120 MP: 3/33
     9 | D        | Killed a bag of meat
     9 | D        | Reached skill level 15 in Fighting
     9 | D        | Reached skill level 23 in Translocations
     9 | D        | Reached XP level 15. HP: 96/129 MP: 3/35
    10 | D        | Noticed a bag of meat
    10 | D        | Killed a bag of meat
    10 | D        | Acquired Makhleb's second power
    10 | D        | Reached skill level 15 in Axes
    10 | D        | Reached skill level 24 in Translocations
    11 | D        | Noticed a bag of meat
    11 | D        | Noticed a meat berserker
    11 | D        | Noticed a bag of meat
    12 | D        | Noticed a large bag of meat
    12 | D        | Killed a meat berserker
    12 | D        | Reached skill level 26 in Translocations
    12 | D        | Reached XP level 16. HP: 76/141 MP: 4/38
    12 | D        | Killed a bag of meat
    12 | D        | Acquired Makhleb's third power
    12 | D        | Reached skill level 5 in Throwing
    12 | D        | Reached skill level 15 in Dodging
    13 | D        | Noticed a meat berserker
    13 | D        | Noticed a bag of meat
    13 | D        | Killed a bag of meat
    13 | D        | Reached skill level 27 in Translocations
    13 | D        | Reached XP level 17. HP: 130/153 MP: 4/40
    13 | D        | Killed a bag of meat
    13 | D        | Acquired Makhleb's fourth power
    13 | D        | Killed a bag of meat
    13 | D        | Reached XP level 18. HP: 136/166 MP: 4/43
    14 | D        | Noticed a bag of meat
    14 | D        | Noticed a bag of meat
    14 | D        | Noticed a meat berserker
    14 | D        | Killed a meat berserker
    14 | D        | Killed a bag of meat
    14 | D        | Acquired Makhleb's fifth power
    14 | D        | Killed a bag of meat
    14 | D        | Reached skill level 10 in Armour
    14 | D        | Reached XP level 19. HP: 179/182 MP: 4/47
    15 | D        | Noticed a bag of meat
    15 | D        | Noticed a bag of meat
    15 | D        | Noticed a bag of meat
    15 | D        | Noticed a bag of meat
    15 | D        | Noticed a meat berserker
    16 | D        | Noticed a bag of meat
    16 | D        | Noticed a meat berserker
    16 | D        | Killed a bag of meat
    16 | D        | Killed a bag of meat
    16 | D        | Killed a bag of meat
    16 | D        | Reached XP level 20. HP: 193/195 MP: 5/50
    17 | D        | Noticed a bag of meat
    17 | D        | Killed a meat berserker
    17 | D        | Reached skill level 27 in Fighting
    17 | D        | Reached skill level 27 in Axes
    17 | D        | Reached skill level 27 in Spellcasting
    18 | D        | Killed a meat berserker
    18 | D        | Reached skill level 15 in Armour
    18 | D        | Reached XP level 21. HP: 204/204 MP: 6/52
    18 | D        | Killed a bag of meat
    18 | D        | Reached skill level 15 in Throwing
    18 | D        | Reached skill level 27 in Dodging
    18 | D        | Killed a bag of meat
    19 | D        | Noticed a bag of meat
    19 | D        | Killed a large bag of meat
    19 | D        | Killed a meat berserker
    19 | D        | Reached XP level 22. HP: 212/212 MP: 6/53
    19 | D        | Killed a meat berserker
    19 | D        | Reached skill level 27 in Armour
    20 | D        | Noticed a bag of meat
    20 | D        | Noticed a meat berserker
    20 | D        | Noticed a bag of meat
    21 | D        | Noticed a destroyer
    21 | D        | Noticed a bag of meat
    21 | D        | Noticed a meat berserker
    21 | D        | Noticed a meat berserker
    21 | D        | Noticed a bag of meat
    21 | D        | Noticed a bag of meat
    21 | D        | Killed a bag of meat
    21 | D        | Killed a bag of meat
    22 | D        | Noticed a meat berserker
    22 | D        | Noticed a bag of meat
    23 | D        | Noticed a meat berserker
    23 | D        | Noticed a large bag of meat
    23 | D        | Noticed a bag of meat
    24 | D        | Killed a bag of meat
    24 | D        | Reached skill level 27 in Throwing
    24 | D        | Killed a bag of meat
    24 | D        | Reached skill level 10 in Stealth
    24 | D        | Reached XP level 23. HP: 197/219 MP: 7/54
    24 | D        | Killed a bag of meat
    24 | D        | Killed a bag of meat
    24 | D        | Killed a meat berserker
    24 | D        | Killed a bag of meat
    24 | D        | Reached XP level 24. HP: 227/227 MP: 7/54
    24 | D        | Killed a bag of meat
    25 | D        | Noticed a bag of meat
    25 | D        | Noticed a bag of meat
    25 | D        | Noticed a bag of meat
    25 | D        | Killed a meat berserker
    25 | D        | Reached skill level 27 in Stealth
    25 | D        | Killed a meat berserker
    25 | D        | Reached skill level 27 in Unarmed Combat
    25 | D        | Reached skill level 27 in Invocations
    26 | D        | Noticed a bag of meat
    26 | D        | Noticed a bag of meat
    26 | D        | Noticed a bag of meat
    26 | D        | Noticed a destroyer
    26 | D        | Noticed a destroyer
    27 | D        | Killed a bag of meat
    27 | D        | Reached XP level 25. HP: 234/234 MP: 8/54
    28 | D        | Noticed a bag of meat
    28 | D        | Noticed a bag of meat
    28 | D        | Killed a meat berserker
    29 | D        | Noticed a large bag of meat
    29 | D        | Noticed a destroyer
    30 | D        | Noticed a bag of meat
    30 | D        | Killed a large bag of meat
    30 | D        | Killed a destroyer
    30 | D        | Killed a bag of meat
    31 | D        | Noticed a bag of meat
    31 | D        | Noticed a large bag of meat
    32 | D        | Noticed a bag of meat
    32 | D        | Killed a bag of meat
    32 | D        | Reached XP level 26. HP: 242/242 MP: 9/54
    32 | D        | Killed a bag of meat
    32 | D        | Killed a destroyer
    34 | D        | Killed a meat berserker
    34 | D        | Killed a meat berserker
    34 | D        | Reached XP level 27. HP: 249/249 MP: 9/54
    34 | D        | Killed a bag of meat
    34 | D        | Killed a destroyer
    34 | D        | Killed a bag of meat
    34 | D        | Killed a bag of meat
    36 | D        | Noticed a meat berserker
    36 | D        | Killed a bag of meat
    36 | D        | Killed a bag of meat
    36 | D        | Killed a bag of meat
    36 | D        | Killed a bag of meat
    37 | D        | Killed a bag of meat
    37 | D        | Killed a bag of meat
    37 | D        | Killed a large bag of meat
    37 | D        | Killed a destroyer
    38 | D        | Noticed a bag of meat
    38 | D        | Noticed a destroyer
    38 | D        | Killed a bag of meat
    38 | D        | Killed a bag of meat
    39 | D        | Noticed a destroyer
    39 | D        | Noticed a destroyer
    39 | D        | Killed a bag of meat
    39 | D        | Killed a bag of meat
    40 | D        | Killed a large bag of meat
    40 | D        | Killed a meat berserker
    41 | D        | Noticed a destroyer
    41 | D        | Noticed a sculptor of flesh
    41 | D        | Noticed a bag of meat
    44 | D        | Noticed a large bag of meat
    44 | D        | Noticed a meat berserker
    44 | D        | Noticed a meat berserker
    44 | D        | Noticed an accursed
    44 | D        | Noticed a destroyer
    45 | D        | Killed a destroyer
    45 | D        | Killed a bag of meat
    46 | D        | Noticed a bag of meat
    47 | D        | Noticed a tyrant
    47 | D        | Killed a destroyer
    48 | D        | Noticed a destroyer
    48 | D        | Noticed a tyrant
    49 | D        | Killed a destroyer
    49 | D        | Killed a meat berserker
    50 | D        | Killed a tyrant
    50 | D        | Killed a meat berserker
    51 | D        | Killed a destroyer
    51 | D        | Killed a destroyer
    52 | D        | Noticed a destroyer
    53 | D        | Noticed an accursed
    54 | D        | Noticed a tyrant
    57 | D        | Killed a tyrant
    58 | D        | Killed a destroyer
    60 | D        | Noticed a meat berserker
    60 | D        | Noticed a sculptor of flesh
    60 | D        | Noticed a bag of meat
    60 | D        | Noticed a bag of meat
    61 | D        | Noticed a meat berserker
    61 | D        | Noticed a dread
    61 | D        | Noticed a meat berserker
    61 | D        | Killed a bag of meat
    62 | D        | Noticed a bag of meat
    62 | D        | Noticed a sculptor of flesh
    63 | D        | Noticed a destroyer
    63 | D        | Noticed a bag of meat
    63 | D        | Noticed a bag of meat
    63 | D        | Noticed a bag of meat
    63 | D        | Noticed a large bag of meat
    63 | D        | Killed a meat berserker
    63 | D        | Killed a bag of meat
    64 | D        | Noticed a bag of meat
    64 | D        | Noticed a meat berserker
    64 | D        | Noticed a bag of meat
    64 | D        | Noticed a bag of meat
    64 | D        | Noticed a bag of meat
    64 | D        | Noticed a meat beast
    64 | D        | Noticed a bag of meat
    65 | D        | Noticed a bag of meat
    65 | D        | Noticed a sculptor of flesh
    65 | D        | Noticed a bag of meat
    65 | D        | Noticed a bag of meat
    66 | D        | Killed a meat berserker
    66 | D        | Killed a meat berserker
    66 | D        | Noticed a large bag of meat
    67 | D        | Killed a bag of meat
    67 | D        | Killed a bag of meat
    68 | D        | Noticed a dread
    68 | D        | Killed a bag of meat
    68 | D        | Killed a meat berserker
    68 | D        | Killed a destroyer
    68 | D        | Killed a dread
    69 | D        | Killed a bag of meat
    69 | D        | Killed a large bag of meat
    69 | D        | Killed a meat beast
    70 | D        | Noticed a meat berserker
    70 | D        | Noticed a meat beast
    70 | D        | Noticed a bag of meat
    71 | D        | Noticed a bag of meat
    71 | D        | Killed a bag of meat
    71 | D        | Killed a destroyer
    71 | D        | Killed a bag of meat
    72 | D        | Noticed a meat berserker
    72 | D        | Noticed a meat beast
    72 | D        | Killed a bag of meat
    72 | D        | Killed a large bag of meat
    72 | D        | Killed a tyrant
    72 | D        | Killed a large bag of meat
    72 | D        | Killed a bag of meat
    73 | D        | Noticed a bag of meat
    73 | D        | Killed a bag of meat
    73 | D        | Killed a bag of meat
    73 | D        | Killed a sculptor of flesh
    74 | D        | Noticed a tyrant
    74 | D        | Killed a bag of meat
    74 | D        | Killed a bag of meat
    76 | D        | Noticed a meat berserker
    76 | D        | Noticed a wretched soul
    76 | D        | Noticed a wretched soul
    76 | D        | Killed a meat berserker
    76 | D        | Killed a bag of meat
    76 | D        | Killed a bag of meat
    76 | D        | Killed a meat beast
    77 | D        | Noticed a bag of meat
    78 | D        | Noticed a wretched soul
    78 | D        | Noticed a meat berserker
    78 | D        | Noticed a bag of meat
    78 | D        | Killed a bag of meat
    79 | D        | Noticed a bag of meat
    79 | D        | Killed a bag of meat
    79 | D        | Killed a sculptor of flesh
    79 | D        | Killed a sculptor of flesh
    79 | D        | Noticed a bag of meat
    80 | D        | Noticed a bag of meat
    80 | D        | Killed a bag of meat
    80 | D        | Killed a meat berserker
    80 | D        | Killed a bag of meat
    81 | D        | Killed a meat berserker
    81 | D        | Killed an accursed
    83 | D        | Noticed a tyrant
    84 | D        | Killed a meat berserker
    84 | D        | Killed a bag of meat
    84 | D        | Killed a bag of meat
    84 | D        | Killed a wretched soul
    85 | D        | Noticed a bag of meat
    86 | D        | Killed a bag of meat
    86 | D        | Killed a meat beast
    87 | D        | Killed from afar by a wretched soul

Vault maps used:
D:        meatsprint

Action                   |  1- 3 |  4- 6 |  7- 9 | 10-12 | 13-15 | 16-18 | 19-21 | 22-24 | 25-27 || total
-------------------------+-------+-------+-------+-------+-------+-------+-------+-------+-------++-------
Melee: Executioner's axe |     1 |       |       |     1 |     2 |     2 |     4 |     4 |    33 ||    47
 Cast: Apportation       |       |       |       |       |       |       |       |       |     2 ||     2
